 Dungeon Crawl Stone Soup version 0.28-a0-1348-g050f3537b9 (webtiles) character file.

Game seed: 4100212741225829193

3732 Deminshera the Fighter (level 9, -1/72 HPs)
             Began as a Demonspawn Wanderer on Dec 30, 2021.
             Was a Follower of Hepliaklqana.
             Slain by an orc knight (18 damage)
             ... in a bailey.
             The game lasted 00:10:19 (6477 turns).

Deminshera the Fighter (Demonspawn Wanderer)        Turns: 6477, Time: 00:10:19

Health: -1/72      AC: 11    Str: 20    XL:     9   Next: 92%
Magic:  9/9        EV:  7    Int: 11    God:    Hepliaklqana [*.....]
Gold:   382        SH:  0    Dex: 16    Spells: 8/8 levels left

rFire   + + .      SeeInvis .   a - +9 falchion of the Disturbing Deaths {freeze, rElec rF+ rN++ Dex-2}
rCold   . . .      Faith    .   (no shield)
rNeg    + + .      Spirit   .   u - +2 chain mail {rF+}
rPois   .          Reflect  .   (no helmet)
rElec   +          Harm     .   (no cloak)
rCorr   .          Rampage  .   (no gloves)
Will    .....                   (no boots)
Stlth   ..........              (no amulet)
HPRegen 0.22/turn               y - +6 ring of strength
MPRegen 0.11/turn               (no ring)

@: no status effects
A: reduced essence, spiny 1, sharp scales 1, demonic magic 1, demonic touch 1
a: Renounce Religion, Recall Ancestor, Ancestor Identity


You were in a bailey.
You worshipped Hepliaklqana.
Hepliaklqana was aware of your devotion.
You visited 1 branch of the dungeon, and saw 7 of its levels.
You also visited: Sewer and Bailey.

You collected 382 gold pieces.

Inventory:

Hand Weapons
 a - the +9 falchion of the Disturbing Deaths (weapon) {freeze, rElec rF+ rN++ Dex-2}
   (You found it on level 6 of the Dungeon)

   It freezes those it strikes, dealing additional cold damage.
   It can also slow down cold-blooded creatures.
   Dex:       It affects your dexterity (-2).
   rF:        It protects you from fire.
   rElec:     It insulates you from electricity.
   rN:        It greatly protects you from negative energy.
 b - the +8 hunting sling of Beogh's Outrage {vorpal, rF+ Int+4}
   (You found it on level 2 of the Dungeon)

   Any ammunition fired from it inflicts extra damage upon your enemies.
   Int:       It affects your intelligence (+4).
   rF:        It protects you from fire.
 f - a +0 hunting sling
 h - a +4 falchion of flaming
 C - a +2 whip of electrocution
Missiles
 c - 43 sling bullets
 e - 154 stones (quivered)
Armour
 u - a +2 chain mail of fire resistance (worn)
Jewellery
 w - a ring of magical power
 y - a +6 ring of strength (left hand)
Wands
 r - a wand of iceblast (6)
 v - a wand of mindburst (10)
 x - a wand of flame (13)
Scrolls
 g - a scroll of fear
 i - 4 scrolls of blinking
 l - 2 scrolls of enchant weapon
 n - 4 scrolls of fog
 q - a scroll of teleportation
 t - 3 scrolls of identify
 z - a scroll of vulnerability
 D - a scroll of acquirement
Potions
 d - 2 potions of degeneration
 j - a potion of haste {unknown}
 k - a potion of berserk rage {unknown}
 o - a potion of ambrosia {unknown}
 p - a potion of resistance {unknown}
 s - a potion of might {unknown}
 A - a potion of curing
 B - a potion of flight {unknown}


   Skills:
 + Level 11.3 Fighting
 + Level 4.0 Long Blades
 - Level 7.9(8.0) Slings
 - Level 1.0(5.0) Throwing
 - Level 1.7 Armour


You had 8 spell levels left.
You didn't know any spells.
Your spell library contained the following spells:

 Spells                   Type           Power      Damage    Failure   Level
 Animate Skeleton         Necr           0%         N/A       99%         1
 Apportation              Tloc           0%         N/A       99%         1
 Summon Small Mammal      Summ           0%         N/A       99%         1
 Static Discharge         Conj/Air       0%         N/A       99%         2
 Dispel Undead            Necr           0%         3d6       100%        4
 Sticky Flame             Conj/Fire      0%         2d3       100%        4
 Dispersal                Tloc           0%         N/A       100%        6
 Disjunction              Tloc           0%         N/A       100%        8


Dungeon Overview and Level Annotations

Branches:
Dungeon (7/15)             Temple (0/1) D:5           Sewer (visited)
 Bailey (1/1)

Altars:
Ashenzari
Gozag
Hepliaklqana
Qazlal
Sif Muna
Trog
Wu Jian
Yredelemnul
The Shining One

Shops:
D:3 =


Innate Abilities, Weirdness & Mutations

Your life essence is reduced to manifest your ancestor. (-10% HP)
You are partially covered in sharp spines.
You are partially covered in razor-sharp scales. (AC +1, Slay +1)
Spells you cast may paralyse adjacent enemies.
Your touch may inflict minor irresistible damage on your foes.


Message History

Press: ? - help, Shift-Dir - straight line, p - orc knight
Okay, then.
Unknown command.
The orc warrior no longer looks unusually strong.
The orc knight roars a battlecry!
The orc warrior goes into a battle-frenzy!
Aiming: Iceblast
Press: ? - help, Shift-Dir - straight line, f - orc warrior, p - orc knight
Aim: an orc warrior, wielding a +0 war axe and wearing a +0 chain mail (lightly wounded, strong)
The mass of ice explodes!
The iceblast engulfs the orc warrior!
The orc warrior is severely wounded.
The iceblast engulfs the orc knight!
The orc knight is heavily wounded.
You hear a shout! x2
Aiming: Iceblast
Press: ? - help, Shift-Dir - straight line, f/p - orc warrior
Aim: an orc warrior, wielding a +0 war axe and wearing a +0 chain mail (severely wounded, strong)
The mass of ice explodes!
The iceblast engulfs the orc warrior.
You kill the orc warrior!
The iceblast engulfs the orc knight but does no damage.
The orc knight is heavily wounded.
You hear a shout!
Your Long Blades skill increases to level 4!
Aiming: Iceblast
Press: ? - help, Shift-Dir - straight line, f - orc knight
Aim: an orc knight, wielding a +0 broad axe and wearing a +0 plate armour (heavily wounded)
The mass of ice explodes!
The iceblast engulfs the orc knight!
The orc knight is severely wounded.
You hit the orc knight but do no damage.
You touch the orc knight.
The orc knight is severely wounded.
The orc knight hits you with a +0 broad axe. x2
You hit the orc knight but do no damage.
You touch the orc knight.
The orc knight is severely wounded.
The orc knight hits you with a +0 broad axe!!
* * * LOW HITPOINT WARNING * * *
It was a potion of curing.
You feel better.
The orc knight hits you with a +0 broad axe!!
You die...

≈≈≈...(∩....≈≈≈
#####....(....####
##...##...)...##...
##.....##..(..##....
##...8...##'''##...8.
##.........(...)......
#.........).....)(....
#..8..8.).......)...8.
#....@o..(............
##......####...####...
##....##≈≈#####g≈##..
##...#≈)?8o..8?)≈#..
###'#≈.........≈#'#
≈.#≈..8...8..≈#.≈
≈.##.........##.≈
≈≈.#≈....∩....≈#.≈ #.≈


You could see an orc knight.

Vanquished Creatures
  A two-headed ogre (D:6)
  Pikel (D:5)
  Sigmund (D:5)
  Edmund (D:4)
  A water moccasin (D:5)
  3 sky beasts
  A black bear (D:4)
  An ogre (D:5)
  3 necrophages
  2 orc warriors (Bailey)
  A centaur (D:6)
  A phantom (D:5)
  3 bullfrogs
  A scorpion (D:7)
  A wyvern skeleton (D:5)
  A bullfrog skeleton (D:6)
  An orc priest (D:5)
  A centaur skeleton (D:5)
  5 hounds
  A jelly (D:5)
  A gnoll shaman (D:7)
  3 iguanas
  6 orc wizards
  A scorpion zombie (D:5)
  2 howler monkey skeletons
  11 gnolls
  A river rat (D:6)
  5 adders
  A white imp (D:6)
  2 adder skeletons (D:4)
  A worm (D:4)
  2 dart slugs
  14 orcs
  12 ball pythons
  2 bats
  11 endoplasms
  11 giant cockroaches
  10 goblins
  11 hobgoblins
  14 kobolds
  8 quokkas
  7 frilled lizards
  6 rats
173 creatures vanquished.

Vanquished Creatures (collateral kills)
  A gnoll sergeant (D:7)
  2 gnolls (D:7)
  An endoplasm (Sewer)
  2 giant cockroaches (Sewer)
  2 goblins
  A quokka (Sewer)
  3 ball pythons (Sewer)
  2 frilled lizards (Sewer)
  2 kobolds (Bailey)
16 creatures vanquished.

Vanquished Creatures (others)
  An ancestor (Bailey)
1 creature vanquished.

Grand Total: 190 creatures vanquished

Notes
Turn   | Place    | Note
-------+----------+-------------------------------------------
     0 | D:1      | Deminshera the Demonspawn Wanderer began the quest for the
                  | Orb.
     0 | D:1      | Deminshera set off with the following items: a +3 falchion,
                  | a +0 hunting sling, 18 sling bullets, a +0 robe
     0 | D:1      | Reached XP level 1. HP: 18/18 MP: 1/1
   151 | D:1      | Found a faded altar of an unknown god.
   879 | D:2      | Identified the +8 hunting sling of Beogh's Outrage {vorpal,
                  | rF+ Int+4}
   934 | D:2      | Gained mutation: You are partially covered in razor-sharp
                  | scales. (AC +1, Slay +1) [demonic ancestry]
   934 | D:2      | Reached XP level 2. HP: 24/24 MP: 2/2
  1265 | D:2      | Gained mutation: Spells you cast may paralyse adjacent
                  | enemies. [demonic ancestry]
  1265 | D:2      | Reached XP level 3. HP: 29/29 MP: 3/3
  1871 | D:3      | Gained mutation: You are partially covered in sharp spines.
                  | [demonic ancestry]
  1871 | D:3      | Reached XP level 4. HP: 37/37 MP: 4/4
  2152 | D:3      | Found Ilozua's Jewellery Emporium.
  2663 | D:3      | Reached skill level 4 in Fighting
  2672 | D:4      | Reached XP level 5. HP: 36/42 MP: 5/5
  3009 | D:4      | Noticed a black bear
  3019 | D:4      | Killed a black bear
  3037 | D:4      | Gained mutation: Your touch may inflict minor irresistible
                  | damage on your foes. [demonic ancestry]
  3037 | D:4      | Reached XP level 6. HP: 35/49 MP: 6/6
  3349 | D:4      | Found a shimmering blue altar of Sif Muna.
  3369 | D:4      | Noticed Edmund
  3376 | D:4      | Killed Edmund
  3377 | D:4      | Reached skill level 5 in Slings
  3504 | D:4      | Found a hazy altar of Hepliaklqana.
  3511 | D:4      | Found a basalt altar of Yredelemnul.
  3612 | D:4      | Became a worshipper of Hepliaklqana the Forgotten
  3779 | D:5      | Entered Level 5 of the Dungeon
  3816 | D:5      | Reached skill level 5 in Fighting
  3825 | D:5      | Reached XP level 7. HP: 56/56 MP: 7/7
  3835 | D:5      | Found an opulent altar of Gozag.
  3849 | D:5      | Found a staircase to the Ecumenical Temple.
  3974 | D:5      | Found a stormy altar of Qazlal.
  4034 | D:5      | Noticed Pikel
  4062 | D:5      | Killed Pikel
  4063 | D:5      | Reached skill level 6 in Fighting
  4063 | D:5      | Reached XP level 8. HP: 51/65 MP: 8/8
  4132 | D:5      | Noticed Sigmund
  4142 | D:5      | Killed Sigmund
  4329 | D:5      | Found a bloodstained altar of Trog.
  4369 | D:5      | Found a broken altar of Ashenzari.
  4401 | D:5      | Reached skill level 7 in Fighting
  4443 | D:5      | Found an ornate altar of the Wu Jian Council.
  4468 | D:5      | Reached skill level 8 in Fighting
  4626 | D:5      | Reached * piety under Hepliaklqana
  4923 | D:6      | Identified the +9 falchion of the Disturbing Deaths
                  | {freeze, rElec rF+ rN++ Dex-2}
  4967 | D:6      | Reached XP level 9. HP: 67/67 MP: 9/9
  5070 | D:6      | Reached skill level 9 in Fighting
  5120 | D:6      | Noticed a two-headed ogre
  5126 | D:6      | Killed a two-headed ogre
  5127 | D:6      | Reached skill level 10 in Fighting
  5146 | D:6      | Found a glowing drain.
  5161 | Sewer    | Entered a sewer
  5447 | Sewer    | Identified the +5 scythe "Kas Agex" {elec, rElec rC+ Dex+4}
  5745 | D:6      | Reached skill level 11 in Fighting
  6013 | D:7      | Found a flagged portal.
  6029 | Bailey   | Entered a bailey
  6355 | Bailey   | Noticed an orc warlord
  6426 | Bailey   | Noticed an orc knight
  6477 | Bailey   | Slain by an orc knight

Illustrated notes

Levels and vault maps discovered:
D:1:      ncdulo_lavacross, layout_basic,
          shapermc_ecumenical_altar_totnotflames,
          hangedman_abyss_or_decor_lesser_grid
D:2:      layout_basic
D:3:      layout_basic, serial_shops, shop, minmay_misc_feat_secret_circle
D:4:      layout_basic, general_overflow_altar, grunt_temple_overflow_diamond,
          fountainhead, grunt_decor_resistance, uniq_edmund
D:5:      layout_rooms, overflow_temple_1_default,
          nicolae_qazlal_eye_of_the_storm, nicolae_overflow_hidden_temple,
          minmay_temple_entry_tees, minmay_holes, hangedman_decor_lopped,
          corexii_hall_statues_u, kennysheep_another_room, minmay_ruined_shrine,
          uniq_sigmund, uniq_pikel
D:6:      layout_rooms, portal_sewer_entry_c, nrook_loot_triangle
D:7:      layout_basic, enter_bailey_5,
          hellmonk_guarded_unrand_vitality_bloodlust
Bailey:   bailey_axe_bossmonster_kennysheep, bailey

Skill      XL: |  1  2  3  4  5  6  7  8  9 |
---------------+----------------------------+-----
Long Blades    | 2 4 |  4.0
Slings         | 2 3 4 5 7 |  7.9
Fighting       | 4 5 6 8 11 | 11.3
Throwing       | |  1.0
Armour         | |  1.7

Action                   |  1- 3 |  4- 6 |  7- 9 || total
-------------------------+-------+-------+-------++-------
Melee: Falchion          |       |       |    92 ||    92
       Touch             |       |       |    14 ||    14
 Fire: Hunting sling     |    51 |    78 |   169 ||   298
Evoke: Wand              |       |       |    10 ||    10
  Use: Scroll            |       |       |    11 ||    11
       Potion            |       |       |     3 ||     3
Armor: Robe              |       |     4 |       ||     4
       Chain mail        |       |       |    91 ||    91
Dodge: Dodged            |     2 |    10 |    44 ||    56

Table legend: (Time is in decaauts)
 A = Elapsed time spent in this place.
 B = Non-inter-level travel time spent in this place.
 C = Inter-level travel time spent in this place.
 D = Time resting spent in this place.
 E = Time spent auto-exploring this place.
 F = Levels seen in this place.
 G = Mean time per level.
                   A        B        C        D        E       F      G
               +--------+--------+--------+--------+--------+-----+--------+
         Total |   6536 |   6232 |    304 |    554 |   4667 |   9 |  726.2 |
       Dungeon |   5717 |   5413 |    304 |    319 |   4366 |   7 |  816.7 |
         Sewer |    377 |    377 |      0 |      0 |    205 |   1 |  377.0 |
        Bailey |    441 |    441 |      0 |    235 |     95 |   1 |  441.0 |
               +--------+--------+--------+--------+--------+-----+--------+

Top non-repeatable levels by time:
     D:4: 1126 daAuts
     D:5: 1092 daAuts
     D:3: 1013 daAuts
     D:1: 841 daAuts
     D:2: 804 daAuts
     D:6: 705 daAuts
  Bailey: 441 daAuts
   Sewer: 377 daAuts
     D:7: 133 daAuts
